 Dungeon Crawl Stone Soup version 0.18.1-48-g4cf74bf (webtiles) character file.

434 grulito the Chopper (level 7, -10/43 HPs)
             Began as a Gargoyle Fighter on July 1, 2016.
             Was an Initiate of Trog.
             Mangled by an ogre
             ... wielding a cursed -3 giant spiked club
              (14 damage)
             ... on level 5 of the Dungeon.
             The game lasted 00:11:05 (3927 turns).

grulito the Chopper (Gargoyle Fighter)              Turns: 3927, Time: 00:11:05

Health: -10/43     AC: 11    Str: 20    XL:     7   Next: 0%
Magic:  7/7        EV:  7    Int:  9    God:    Trog [......]
Gold:   166        SH:  9    Dex: 15    Spells: 0 memorised, 6 levels left

rFire  . . .     SeeInvis .     q - +0 hand axe (flame)
rCold  . . .     Gourm    .     b - +0 scale mail
rNeg   + . .     Faith    .     c - +0 shield
rPois  ∞         Spirit   .     (no helmet)
rElec  +         Dismiss  .     (no cloak)
rCorr  .         Reflect  .     (no gloves)
SustAt .         Harm     .     (no boots)
MR     .....                    (no amulet)
Stlth  +.........               (no ring)
                                (no ring)

@: agile, not resistant to hostile enchantments, very unstealthy
A: negative energy resistance 1, electricity resistance, unbreathing,
petrification resistance, rot immunity, AC +4
a: Burn Spellbooks, Renounce Religion


You were on level 5 of the Dungeon.
You worshipped Trog.
Trog was noncommittal.
You were not hungry.

You visited 1 branch of the dungeon, and saw 5 of its levels.

You collected 166 gold pieces.

Inventory:

Hand Weapons
 q - a +0 hand axe of flaming (weapon)
Armour
 b - a +0 scale mail (worn)
 c - a +0 shield (worn)
 u - a +0 chain mail
Jewellery
 n - an uncursed amulet of dismissal
Scrolls
 a - a scroll of amnesia {unknown}
 h - a scroll of teleportation
 i - 4 scrolls of identify
 j - a scroll of remove curse
 s - 2 scrolls of recharging {unknown}
 t - a scroll of fear {unknown}
Potions
 d - a potion of might
 e - a potion of brilliance {unknown}
 g - 2 potions of heal wounds {unknown}
 k - 2 potions of agility
 p - 2 potions of resistance {unknown}
 r - a potion of curing {unknown}
 v - a potion of lignification {unknown}
Comestibles
 f - a bread ration
 l - a meat ration
 m - a royal jelly
 o - 2 fruits


   Skills:
 * Level 4.1 Fighting
 - Level 6.1 Axes
 - Level 3.5 Armour
 - Level 3.4 Shields


You had 6 spell levels left.
You didn't know any spells.

Dungeon Overview and Level Annotations

Branches:
Dungeon (5/15)
 Temple: D:4-7

Altars:
Cheibriados
Elyvilon
Pakellas
Qazlal
Sif Muna
Trog
Xom
Zin


Innate Abilities, Weirdness & Mutations

You are resistant to torment.
Your stone body is resilient (AC +4).
You are immune to poison.
You resist negative energy.
You are resistant to electric shocks.
You can survive without breathing.
You are immune to petrification.
You are immune to rotting.


Message History

* * * LOW HITPOINT WARNING * * *
You completely miss the ogre.
The ogre is lightly wounded.
The ogre hits you with a giant spiked club!
* * * LOW HITPOINT WARNING * * *
The crimson imp blinks!
You barely miss the ogre.
The ogre is lightly wounded.
The ogre barely misses you.
You feel agile all of a sudden.
Found 15 gold pieces.
The crimson imp blinks!
The crimson imp blinks!
You block the crimson imp's attack.
The crimson imp hits you but does no damage.
The crimson imp blinks!
There is a stone staircase leading up here.
The crimson imp blinks!
The ogre hits you with a giant spiked club!
You die...

#.# #..##### . #.#
##.5§..# . #.###
#####.# . #...#
###.#####. ###.#
##........#
###.####...#####.#
#........#..# #.#
######..§.....##.## #.#
#.....@O§.........# #..
#..5÷.........#.#.###..
#.....###..≈≈≈..#......
#.....# #.≈≈≈≈≈...$###.
#.....###.≈≈.≈≈#...###.
#.........≈≈≈≈≈........
###.#####..≈≈≈#.##..###
#. ##.#_#........ #.
#.###.........


You could see an ogre and a crimson imp.

Vanquished Creatures
  A vampire bat (D:3)
  A hound (D:4)
  2 orc wizards
  A worker ant (D:5)
  3 gnolls (D:3)
  6 adders
  3 oozes
  5 worms
  4 dart slugs
  3 fire bats (D:3)
  4 giant geckos
  7 orcs
  2 spectral bats (D:3)
  3 bat skeletons (D:3)
  A bat zombie (D:3)
  3 giant cockroaches
  4 goblins
  14 hobgoblins
  2 jackals (D:2)
  12 kobolds
  A ball python (D:2)
  16 bats
  A bat simulacrum (D:3)
  3 giant newts
  A quokka skeleton (D:4)
  5 rats
108 creatures vanquished.

Notes
Turn   | Place    | Note
--------------------------------------------------------------
     0 | D:1      | grulito the Gargoyle Fighter began the quest for the Orb.
     0 | D:1      | Reached XP level 1. HP: 14/14 MP: 1/1
   141 | D:1      | Reached XP level 2. HP: 14/19 MP: 2/2
   150 | D:1      | Reached skill level 2 in Axes
   343 | D:1      | Reached XP level 3. HP: 14/23 MP: 3/3
   748 | D:2      | Reached skill level 3 in Axes
  1078 | D:2      | Found a faded altar to an unknown god.
  1091 | D:2      | Reached XP level 4. HP: 27/28 MP: 4/4
  1842 | D:3      | Reached skill level 4 in Axes
  1873 | D:3      | Reached XP level 5. HP: 32/32 MP: 5/5
  2070 | D:3      | Reached skill level 5 in Axes
  2372 | D:3      | Reached XP level 6. HP: 34/37 MP: 6/6
  2888 | D:4      | Found a shimmering altar of Xom.
  2888 | D:4      | Noticed an angel
  3183 | D:4      | Found a white marble altar of Elyvilon.
  3184 | D:4      | Found a deep blue altar of Sif Muna.
  3184 | D:4      | Found a bloodstained altar of Trog.
  3189 | D:4      | Found an oddly glowing altar of Pakellas.
  3196 | D:4      | Became a worshipper of Trog the Wrathful
  3229 | D:4      | Found a glowing silver altar of Zin.
  3259 | D:4      | Reached skill level 6 in Axes
  3350 | D:4      | Found a stormy altar of Qazlal.
  3716 | D:5      | Entered Level 5 of the Dungeon
  3741 | D:5      | Found a snail-covered altar of Cheibriados.
  3754 | D:5      | Reached XP level 7. HP: 41/43 MP: 7/7
  3905 | D:5      | HP: 1/43 [ogre/giant spiked club (10)]
  3927 | D:5      | Mangled by an ogre

Skill      XL: |  1  2  3  4  5  6 |
---------------+-------------------+-----
Axes           | 2 3 4 5 6 |  6.1
Fighting       | 4 |  4.1
Armour         | |  3.5
Shields        | |  3.4

Action                   |  1- 3 |  4- 6 |  7- 9 || total
-------------------------+-------+-------+-------++-------
Melee: War axe           |   138 |    94 |       ||   232
       Hand axe          |       |   201 |    96 ||   297
  Use: Scroll            |       |     3 |       ||     3
       Potion            |       |       |     1 ||     1
  Eat: Chunk             |       |     6 |       ||     6
       Fruit             |       |     1 |       ||     1
       Bread ration      |       |     1 |       ||     1
Armor: Scale mail        |    90 |   190 |    42 ||   322
Dodge: Dodged            |    48 |    98 |    15 ||   161
Block: Shield            |    83 |   161 |    22 ||   266
